 Dungeon Crawl Stone Soup version 0.30.1-3-gfc49f6343a (webtiles) character file.

Game seed: 8040567234350321793

467 Almogavar the Firebug (level 7, -3/50 HPs)
             Began as a Hill Orc Fire Elementalist on July 31, 2023.
             Was an Initiate of Nemelex Xobeh.
             Killed from afar by a steam dragon (15 damage)
             ... with a ball of steam
             ... on level 5 of the Dungeon.
             The game lasted 00:17:06 (4902 turns).

Almogavar the Firebug (Hill Orc Fire Elementalist)  Turns: 4902, Time: 00:17:07

Health: -3/50      AC:  7    Str: 11    XL:     7   Next: 8%
Magic:  12/21      EV: 12    Int: 17    God:    Nemelex Xobeh [......]
Gold:   168        SH:  0    Dex: 11    Spells: 9/12 levels left

rFire   . . .        t - +0 hand axe
rCold   . . .        (no shield)
rNeg    . . .        a - +0 robe
rPois   .            n - +0 helmet
rElec   .            (no cloak)
rCorr   .            (no gloves)
SInv    .            (no boots)
Will    .....        j - amulet of regeneration
Stlth   ++           l - ring of magical power
HPRegen 1.08/turn    m - +4 ring of protection
MPRegen 0.17/turn

%: no passive effects
@: no status effects
A: no striking features
a: Renounce Religion, Draw Escape, Draw Destruction, Draw Summoning


You were on level 5 of the Dungeon.
You worshipped Nemelex Xobeh.
Nemelex Xobeh was noncommittal.
You visited 2 branches of the dungeon, and saw 6 of its levels.

You collected 168 gold pieces.

Inventory:

Hand Weapons
 t - a +0 hand axe (weapon)
Armour
 a - a +0 robe (worn)
 c - a +0 ring mail
 n - a +0 helmet (worn)
 u - a +0 leather armour
 v - a +0 buckler
Jewellery
 j - an amulet of regeneration (around neck)
 l - a ring of magical power (left hand)
 m - a +4 ring of protection (right hand)
 p - a ring of see invisible
 q - an amulet of faith
 z - the ring "Coapnidgh" {rElec Dex+6}
   (You found it on level 4 of the Dungeon)

   [ring of dexterity]

   Dex:       It affects your dexterity (+6).
   rElec:     It insulates you from electricity.
Scrolls
 e - a scroll of blinking
 f - a scroll of fog
 g - a scroll of enchant weapon
 r - 4 scrolls of teleportation
 x - a scroll of enchant armour {unknown}
 y - a scroll of silence {unknown}
 A - a scroll of brand weapon {unknown}
Potions
 b - 2 potions of magic
 d - 2 potions of haste
 h - 5 potions of curing
 i - a potion of flight {unknown}
 k - a potion of lignification {unknown}
 o - 3 potions of heal wounds
 s - a potion of attraction {unknown}
 w - a potion of invisibility {unknown}
 B - a potion of mutation {unknown}


   Skills:
 + Level 1.0 Axes
 + Level 2.2 Dodging
 + Level 2.0 Stealth
 + Level 3.4 Spellcasting
 + Level 3.0 Conjurations
 + Level 5.6 Fire Magic


You had 9 spell levels left.
You knew the following spells:

 Your Spells              Type           Power      Damage    Failure   Level
a - Foxfire               Conj/Fire      68%        2x1d7     2%          1
b - Scorch                Fire           44%        2d6       2%          2

Your spell library contained the following spells:

 Spells                   Type           Power      Damage    Failure   Level
 Inner Flame              Hex/Fire       12%        N/A       16%         3
 Volatile Blastmotes      Fire/Tloc      24%        2d12      16%         3
 Apportation              Tloc           4%         N/A       17%         1
 Beastly Appendage        Tmut           4%         N/A       17%         1
 Necrotise                Necr           8%         1d4       17%         1
 Summon Small Mammal      Summ           8%         N/A       17%         1
 Wereblood                Tmut           2%         N/A       26%         2
 Flame Wave               Conj/Fire      17%        2d7       28%         4
 Ozocubu's Armour         Ice            2%         N/A       45%         3
 Spider Form              Tmut/Pois      2%         N/A       45%         3
 Metabolic Englaciation   Hex/Ice        1%         N/A       99%         5
 Simulacrum               Ice/Necr       1%         N/A       100%        6


Dungeon Overview and Level Annotations

Branches:
Dungeon (5/15)             Temple (1/1) D:5

Altars:
Ashenzari
Dithmenos
Makhleb
Nemelex Xobeh
Uskayaw
Wu Jian
The Shining One
Lugonu

Shops:
D:5 *

Annotations:
D:3 2 transporters
D:5 Ijyb


Message History

The foxfire hits the steam dragon.
The steam dragon is heavily wounded.
Your Conjurations skill increases to level 3!
Casting: Foxfire (safe; 2% risk of failure)
Confirm with . or Enter, or press ? or * to list all spells.
You conjure some foxfire!
The steam dragon bites you! The steam dragon closely misses you.
The foxfire hits the steam dragon.
The steam dragon is heavily wounded.
The foxfire hits the steam dragon.
The steam dragon is severely wounded.
The steam dragon barely misses you. The steam dragon misses you.
Casting: Foxfire (safe; 2% risk of failure)
Confirm with . or Enter, or press ? or * to list all spells.
Flames lash the steam dragon.
The steam dragon is severely wounded.
The steam dragon's fire resistance burns away.
The steam dragon closely misses you. The steam dragon claws you.
The steam dragon attacks as you move away!
The steam dragon bites you but does no damage.
The steam dragon claws you.
* * * LOW HITPOINT WARNING * * *
Okay, then.
Casting: Scorch (safe; 2% risk of failure)
Confirm with . or Enter, or press ? or * to list all spells.
You conjure some foxfire!
The steam dragon is no longer more vulnerable to fire.
The steam dragon bites you!
* * * LOW HITPOINT WARNING * * *
The steam dragon claws you but does no damage.
Casting: Foxfire (safe; 2% risk of failure)
Confirm with . or Enter, or press ? or * to list all spells.
You conjure some foxfire!
The foxfire hits the steam dragon.
The steam dragon is almost dead.
The foxfire hits the steam dragon but does no damage.
The steam dragon is almost dead.
The steam dragon breathes steam at you. The ball of steam hits you!
You die...
Your body disappears without a glow.

.## #.# #.....)............ ..##
#.###..##.#######......
...####...#..##.# .....
[.......#....##.# ### #. ....
.#.###......###.# ... .l. ... .
.#.###.#.#...##.# .#..#.. .. g.
.......#.###....##.#..#.# # #.#
##.##.##?..###..D#.#...l# ...#
#.#..#.......§#@v.#.##.## #..#
##...##..>..##.§v#.#.##gD###.#.#
#..#........#........##...gg##.#
#....###...##...#.........S.##g#
.......###.#...##..####.>##g##.#
#..###...#.#...##..# #.....##.#
...#
###......###..#####.##g##l##
...######.#.###
#........##....gS .†..........#
#.#########.##.##


You could see a steam dragon (catching breath, ally target).

Vanquished Creatures
  An ogre (D:5)
  2 hounds
  A jelly (D:5)
  3 iguanas
  Robin (D:5)
  3 gnolls (D:4)
  7 adders
  A shadow imp (D:5)
  An ufetubus (D:5)
  4 dart slugs
  12 orcs
  6 bats
  9 endoplasms
  6 giant cockroaches
  9 goblins
  7 hobgoblins
  5 kobolds
  2 quokkas (D:1)
  3 ball pythons
  3 frilled lizards
  4 rats
90 creatures vanquished.

Vanquished Creatures (others)
  287 foxfires
287 creatures vanquished.

Grand Total: 377 creatures vanquished

Notes
Turn   | Place    | Note
-------+----------+-------------------------------------------
     0 | D:1      | Almogavar the Hill Orc Fire Elementalist began the quest
                  | for the Orb.
     0 | D:1      | Reached XP level 1. HP: 14/14 MP: 3/3
   197 | D:1      | Reached XP level 2. HP: 8/20 MP: 0/4
   372 | D:1      | Reached skill level 4 in Fire Magic
   652 | D:1      | Reached XP level 3. HP: 26/26 MP: 3/5
  1254 | D:2      | Learned a level 2 spell: Scorch
  1676 | D:3      | Found a hide-covered altar of Uskayaw.
  1676 | D:3      | Found a broken altar of Ashenzari.
  1678 | D:3      | Found an ornate altar of the Wu Jian Council.
  1678 | D:3      | Noticed a scorpion
  1678 | D:3      | Noticed a scorpion
  1680 | D:3      | Found a transporter.
  1720 | D:3      | Found a transporter.
  1813 | D:3      | Found a burning altar of Makhleb.
  2453 | D:4      | Reached XP level 4. HP: 33/33 MP: 7/7
  2836 | D:4      | Reached XP level 5. HP: 38/38 MP: 8/8
  3721 | D:4      | Identified the ring "Coapnidgh" {rElec Dex+6}
  3916 | D:5      | Entered Level 5 of the Dungeon
  3984 | D:5      | Reached XP level 6. HP: 45/45 MP: 10/10
  4045 | D:5      | Reached skill level 5 in Fire Magic
  4155 | D:5      | Noticed Ijyb
  4158 | D:5      | Noticed a steam dragon
  4163 | D:5      | Noticed Robin
  4366 | D:5      | Found a staircase to the Ecumenical Temple.
  4376 | Temple   | Entered the Ecumenical Temple
  4410 | Temple   | Became a worshipper of Nemelex Xobeh the Trickster
  4440 | D:5      | Killed Robin
  4500 | D:5      | Found Iretosmukan's General Store.
  4655 | D:5      | Reached skill level 1 in Axes
  4771 | D:5      | Reached XP level 7. HP: 50/50 MP: 12/12
  4902 | D:5      | Killed from afar by a steam dragon

Illustrated notes

Levels and vault maps discovered:
D:1:      dpeg_arrival_shelter, layout_rooms
D:2:      layout_basic
D:3:      layout_basic, nicolae_overflow_crystal_walls,
          gammafunk_temple_overflow_arena
D:4:      layout_layer_cave, chequers_serial_rivers_room_a
D:5:      wander_river, layout_loops_ring, minmay_temple_entry_slanted,
          serial_shops, nicolae_shop_hallway_stairs, amethyst_killhole,
          nrook_mini_backslash, nicolae_goblin_pals
Temple:   kb_corrupted_temple

Skill      XL: |  1  2  3  4  5  6  7 |
---------------+----------------------+-----
Fire Magic     | 4 5 |  5.6
Spellcasting   | 2 3 |  3.4
Dodging        | 2 |  2.2
Conjurations   | 2 3 |  3.0
Stealth        | 2 |  2.0
Axes           | 1 |  1.0

Action                     |  1- 3 |  4- 6 |  7- 9 || total
---------------------------+-------+-------+-------++-------
  Melee: Short sword       |    15 |       |       ||    15
         Punch             |     1 |       |       ||     1
         Hand axe          |       |    10 |     9 ||    19
   Cast: Foxfire           |    69 |    88 |     8 ||   165
         Scorch            |       |     7 |     4 ||    11
    Use: Scroll            |     6 |     2 |       ||     8
 Armour: Robe              |     9 |    23 |     4 ||    36
  Dodge: Dodged            |    34 |    43 |    16 ||    93
